 Dungeon Crawl Stone Soup version 0.30-a0-540-g0af01429fa (webtiles) character file.

Game seed: 16769469274302440479

966 bande the Chopper (level 8, 0/48 HPs)
             Began as a Gargoyle Fighter on Dec 25, 2022.
             Was a Follower of Okawaru.
             Slain by Edmund
             ... wielding a +2 vorpal flail
              (1 damage)
             ... on level 5 of the Dungeon.
             The game lasted 00:07:00 (3509 turns).

bande the Chopper (Gargoyle Fighter)                Turns: 3509, Time: 00:07:00

Health: 0/48       AC: 16    Str: 20    XL:     8   Next: 15%
Magic:  10/10      EV:  7    Int:  9    God:    Okawaru [*.....]
Gold:   197        SH:  5    Dex: 11    Spells: 7/7 levels left

rFire   . . .      SeeInvis .    a - +0 war axe
rCold   . . .      Faith    .    c - +0 buckler
rNeg    + . .      Spirit   .    o - +0 chain mail
rPois   ∞          Reflect  .    (no helmet)
rElec   +          Harm     .    n - +0 cloak
rCorr   .          Rampage  .    (no gloves)
Will    .....                    (no boots) Stlth
                                 (no amulet)
HPRegen 0.28/turn                (no ring)
MPRegen 0.12/turn                (no ring)

@: no status effects
A: sickness immunity, AC +5, negative energy resistance 1, electricity
resistance, torment resistance 1, petrification resistance
a: Renounce Religion, Heroism


You were on level 5 of the Dungeon.
You worshipped Okawaru.
Okawaru was aware of your devotion.
You visited 1 branch of the dungeon, and saw 5 of its levels.

You collected 197 gold pieces.

Inventory:

Hand Weapons
 a - a +0 war axe (weapon)
 q - a +0 flail
Armour
 c - a +0 buckler (worn)
 n - a +0 cloak (worn)
 o - a +0 chain mail (worn)
Jewellery
 e - a ring of magical power
Scrolls
 f - 2 scrolls of teleportation
 g - 2 scrolls of fog
Potions
 h - 4 potions of brilliance
 l - a potion of ambrosia {unknown}
 m - a potion of heal wounds {unknown}
 p - a potion of flight {unknown}


   Skills:
 + Level 4.8 Fighting
 + Level 6.0 Axes
 + Level 5.1 Armour
 - Level 0.1 Dodging
 + Level 0.2 Stealth
 + Level 4.7 Shields
 * Level 2.8 Invocations


You had 7 spell levels left.
You didn't know any spells.
Your spell library was empty.

Dungeon Overview and Level Annotations

Branches:
Dungeon (5/15)             Temple (0/1) D:4

Altars:
Ashenzari
Cheibriados
Gozag
Kikubaaqudgha
Okawaru
Vehumet

Annotations:
D:5 Edmund


Innate Abilities, Weirdness & Mutations

You are immune to sickness and miasma.
Your stone body is resilient. (AC +5)
You are immune to poison.
You resist negative energy. (rN+)
You are resistant to electric shocks. (rElec)
You are resistant to unholy torment.
You are immune to petrification.


Message History

* * * LOW HITPOINT WARNING * * *
x2 You hit Edmund but do no damage.
Edmund is heavily wounded.
Edmund hits you but does no damage. x2
You hit Edmund.
Edmund is heavily wounded.
Edmund hits you but does no damage.
You hit Edmund but do no damage.
Edmund is heavily wounded.
You block Edmund's attack.
You closely miss Edmund.
Edmund is heavily wounded.
Edmund barely misses you.
You hit Edmund.
Edmund is heavily wounded.
Edmund barely misses you. Edmund hits you with a +2 vorpal flail.
* * * LOW HITPOINT WARNING * * *
x2 Unknown command.
You hit Edmund.
Edmund is heavily wounded.
Edmund hits you with a +2 vorpal flail.
* * * LOW HITPOINT WARNING * * *
x2 You closely miss Edmund.
Edmund is heavily wounded.
Edmund barely misses you.
You barely miss Edmund.
Edmund is heavily wounded.
Edmund hits you but does no damage.
Unknown command.
You hit Edmund.
Edmund is severely wounded.
Edmund barely misses you. You block Edmund's attack.
You hit Edmund.
Edmund is severely wounded.
Edmund barely misses you.
You hit Edmund.
Edmund is severely wounded.
Edmund hits you with a +2 vorpal flail.
* * * LOW HITPOINT WARNING * * *
You die...

....... ..$.....#
#######.......#
#.....#.......#
#.....#.......#
#...@@#.......#
#.....#.......#
#.....'.......#
#.....#.......#
#.....#.......#
##############.......#
................######
................#
................#


You could see Edmund.

Vanquished Creatures
  Grinder (D:3)
  Eustachio (D:5)
  An ice beast (D:5)
  2 black bears (D:4)
  A hound (D:4)
  2 jellies (D:5)
  Crazy Yiuf (D:2)
  3 iguanas (D:5)
  Natasha (thrice) (D:4)
  An adder (D:2)
  A shadow imp (D:5)
  2 dart slugs
  10 orcs
  4 bats
  2 endoplasms
  2 giant cockroaches
  4 goblins
  10 hobgoblins
  5 jackals
  4 kobolds
  4 quokkas
  7 ball pythons
  2 frilled lizards
  6 rats
79 creatures vanquished.

Notes
Turn   | Place    | Note
-------+----------+-------------------------------------------
     0 | D:1      | bande the Gargoyle Fighter began the quest for the Orb.
     0 | D:1      | Reached XP level 1. HP: 14/14 MP: 1/1
   136 | D:1      | Reached skill level 2 in Axes
   136 | D:1      | Reached XP level 2. HP: 19/19 MP: 2/2
   547 | D:2      | Reached XP level 3. HP: 24/24 MP: 3/3
   681 | D:2      | Found a snail-covered altar of Cheibriados.
   715 | D:2      | Found a faded altar of an unknown god.
   988 | D:2      | Found a runed translucent door.
   989 | D:2      | Noticed Crazy Yiuf
  1080 | D:2      | Killed Crazy Yiuf
  1081 | D:2      | Reached skill level 3 in Axes
  1081 | D:2      | Reached XP level 4. HP: 12/29 MP: 4/4
  1257 | D:3      | Noticed Grinder
  1257 | D:3      | Paralysed by Grinder for 2 turns
  1277 | D:3      | Paralysed by Grinder for 4 turns
  1283 | D:3      | Paralysed by Grinder for 2 turns
  1298 | D:3      | Killed Grinder
  1299 | D:3      | Reached skill level 4 in Axes
  1299 | D:3      | Reached XP level 5. HP: 9/33 MP: 5/5
  1299 | D:3      | Reached XP level 6. HP: 10/38 MP: 6/6
  2103 | D:3      | Found an ancient bone altar of Kikubaaqudgha.
  2103 | D:3      | Found an opulent altar of Gozag.
  2103 | D:3      | Found a radiant altar of Vehumet.
  2115 | D:3      | Found a broken altar of Ashenzari.
  2118 | D:3      | Found an iron altar of Okawaru.
  2128 | D:3      | Became a worshipper of Warmaster Okawaru
  2442 | D:4      | Noticed a black bear
  2443 | D:4      | Noticed Natasha
  2447 | D:4      | Killed a black bear
  2450 | D:4      | Killed Natasha
  2451 | D:4      | Reached skill level 1 in Invocations
  2536 | D:4      | Noticed Natasha
  2545 | D:4      | Killed Natasha
  2546 | D:4      | Reached XP level 7. HP: 38/43 MP: 7/7
  2550 | D:4      | Noticed Natasha
  2564 | D:4      | Killed Natasha
  2658 | D:4      | Reached skill level 5 in Axes
  2816 | D:4      | Found a staircase to the Ecumenical Temple.
  3112 | D:5      | Entered Level 5 of the Dungeon
  3315 | D:5      | Noticed Eustachio
  3332 | D:5      | Reached * piety under Okawaru
  3333 | D:5      | Reached skill level 5 in Armour
  3349 | D:5      | Killed Eustachio
  3350 | D:5      | Reached XP level 8. HP: 26/48 MP: 8/10
  3482 | D:5      | Noticed Edmund
  3487 | D:5      | Reached skill level 6 in Axes
  3509 | D:5      | HP: 1/48 [Edmund/+2 vorpal flail (3)]
  3509 | D:5      | Slain by Edmund

Illustrated notes

Levels and vault maps discovered:
D:1:      giann_bridges, layout_rooms
D:2:      layout_loops_ring, basic_ecumenical_altar, basic_altar,
          uniq_crazy_yiuf_cottage
D:3:      layout_loops_ring, minmay_overflow_temple_star_hex,
          amcnicky_mini_corridor_feature, uniq_grinder
D:4:      layout_rooms, minmay_temple_entry_sparse_star, minivault_27,
          uniq_natasha
D:5:      layout_gridville, uniq_edmund, uniq_eustachio, uniq_duvessa

Skill      XL: |  1  2  3  4  5  6  7  8 |
---------------+-------------------------+-----
Axes           | 2 3 4 5 6 |  6.0
Fighting       | 4 |  4.8
Armour         | 4 5 |  5.1
Shields        | 4 |  4.7
Invocations    | 1 2 |  2.8
Dodging        | |  0.1
Stealth        | |  0.2

Action                   |  1- 3 |  4- 6 |  7- 9 || total
-------------------------+-------+-------+-------++-------
Melee: War axe           |    78 |    81 |   121 ||   280
  Use: Scroll            |       |     5 |     2 ||     7
       Potion            |       |     1 |     3 ||     4
Armor: Scale mail        |    39 |    37 |     3 ||    79
       Chain mail        |       |       |    79 ||    79
Dodge: Dodged            |    40 |    39 |    64 ||   143
Block: Buckler           |    22 |    18 |    34 ||    74

Table legend: (Time is in decaauts)
 A = Elapsed time spent in this place.
 B = Non-inter-level travel time spent in this place.
 C = Inter-level travel time spent in this place.
 D = Time resting spent in this place.
 E = Time spent auto-exploring this place.
 F = Levels seen in this place.
 G = Mean time per level.
                   A        B        C        D        E       F      G
               +--------+--------+--------+--------+--------+-----+--------+
         Total |   3607 |   3490 |    117 |    473 |   2206 |   5 |  721.4 |
       Dungeon |   3607 |   3490 |    117 |    473 |   2206 |   5 |  721.4 |
               +--------+--------+--------+--------+--------+-----+--------+

Top non-repeatable levels by time:
     D:3: 1224 daAuts
     D:2: 791 daAuts
     D:4: 697 daAuts
     D:1: 479 daAuts
     D:5: 416 daAuts
